 Dungeon Crawl Stone Soup version 0.27-a0-978-g2aa4ecdaef (webtiles) character file.

Game seed: 7711698523688187559

3684 kae the Insei (level 9, -3/88 HPs)
             Began as a White Draconian Transmuter on Apr 14, 2021.
             Was a Believer of Ru.
             Slain by Harold
             ... wielding a +2 vorpal glaive
              (11 damage)
             ... on level 8 of the Dungeon on Apr 20, 2021.
             The game lasted 00:09:20 (13085 turns).

kae the Insei (White Draconian Transmuter)         Turns: 13085, Time: 00:09:21

Health: -3/88      AC:  6    Str: 13    XL:     9   Next: 90%
Magic:  8/16       EV: 11    Int: 15    God:    Ru [**....]
Gold:   493        SH:  0    Dex: 13    Spells: 5/18 levels left

rFire    x . .     SeeInvis .     - Unarmed
rCold    + + +     Faith    .   (shield currently unavailable)
rNeg     . . .     Spirit   .   (armour unavailable)
rPois    +         Reflect  .   (helmet currently unavailable)
rElec    .         Harm     .   (cloak currently unavailable)
rCorr    .         Rampage  .   (gloves currently unavailable)
Will     .....                  (boots currently unavailable)
Stlth    ..........             (no amulet)
HPRegen  0.24/turn              (no ring)
MPRegen  0.15/turn              (no ring)

@: ice-form, marked, unable to read, very slightly contaminated
A: freezing attack, amphibious, boosted hp, (breathe frost), AC +7, large,
unfitting armour, (cold resistance 1), (cold-blooded), inability to read while
threatened, no stealth
a: End Transformation, Renounce Religion


You were on level 8 of the Dungeon.
You worshipped Ru.
Ru was pleased with you.
You were a creature of crystalline ice.
You visited 2 branches of the dungeon, and saw 9 of its levels.
You also visited: Ossuary.

You collected 493 gold pieces.

Inventory:

Missiles
 e - 3 throwing nets
 t - 3 atropa-tipped darts
Jewellery
 c - an amulet of faith
 n - a ring of magical power
 u - an amulet of the acrobat
Wands
 m - a wand of acid (11)
Scrolls
 b - 5 scrolls of enchant armour
 f - 6 scrolls of amnesia
 h - 3 scrolls of teleportation
 p - 2 scrolls of magic mapping
 r - a scroll of immolation {unknown}
 w - 2 scrolls of identify
Potions
 a - a potion of invisibility
 d - 4 potions of haste
 g - 3 potions of heal wounds
 i - 4 potions of attraction
 j - 2 potions of flight
 k - a potion of ambrosia
 l - a potion of berserk rage
 o - a potion of lignification
 q - 5 potions of degeneration {unknown}
 s - 5 potions of curing {unknown}


   Skills:
 + Level 5.4 Fighting
 + Level 4.8 Dodging
 * Level 7.9 Unarmed Combat
 + Level 5.0 Spellcasting
 * Level 7.3 Transmutations
 - Level 5.0 Ice Magic
 - Level 2.0 Poison Magic


You had 5 spell levels left.
You knew the following spells:

 Your Spells              Type           Power      Damage    Failure   Level
a - Beastly Appendage     Tmut           50%        N/A       1%          1
b - Spider Form           Tmut/Pois      8%         N/A       7%          3
c - Ice Form              Ice/Tmut       22%        N/A       13%         4
d - Hydra Form            Tmut           12%        N/A       22%         5

Your spell library contained the following spells:

 Spells                   Type           Power      Damage    Failure   Level
 Wereblood                Tmut           25%        N/A       1%          2
 Magic Dart               Conj           12%        1d3       16%         1
 Blink                    Tloc           N/A        N/A       24%         2
 Call Imp                 Summ           3%         N/A       24%         2
 Slow                     Hex            3%         N/A       24%         2
 Mephitic Cloud           Conj/Pois/Air  5%         N/A       36%         3
 Conjure Flame            Conj/Fire      3%         6-21      43%         3


Dungeon Overview and Level Annotations

Branches:
Dungeon (8/15)             Temple (1/1) D:4         Ossuary (visited)
   Lair: D:8-11

Altars:
Ashenzari
Cheibriados
Dithmenos
Elyvilon
Fedhas
Gozag
Hepliaklqana
Kikubaaqudgha
Nemelex Xobeh
Okawaru
Qazlal
Ru
Sif Muna
Trog
Uskayaw
Vehumet
Wu Jian
Xom
Yredelemnul
The Shining One

Shops:
D:1 :[[*[   D:6 (

Annotations:
D:2 Grinder
D:4 3 runed translucent doors, Lanoc's ghost, amateur BaEn
D:7 3 runed translucent doors, Anon1729's ghost, novice DgNe; casual's ghost, novice DjCj
D:8 Harold


Innate Abilities, Weirdness & Mutations

You are a creature of crystalline ice.
You have a powerful freezing melee attack.
You are amphibious.
Your maximum health is increased.
Your armour is entirely melded.
You are incapable of wielding weapons or throwing items.
((You can breathe waves of freezing cold which knock back foes.))
((Your icy white scales are hard. (AC +7)))
You cannot fit into any form of body armour.
((Your flesh is cold resistant. (rC+)))
((You are cold-blooded and may be slowed by cold attacks.))
You sometimes lose the ability to read scrolls when taking damage.
You cannot be stealthy.


Message History

You punch the shadow imp!
You kill the shadow imp!
Your magical contamination has completely faded away.
Harold shouts!
Harold casts a spell at you. A sentinel's mark forms upon you.
Harold hits you with a +2 vorpal glaive!
Harold is nearby!
Harold is nearby!
Casting: Ice Form (dangerous; 13% risk of failure)
Confirm with . or Enter, or press ? or * to list all spells.
The spell is quite dangerous to cast (22% risk of failure)!
Continue anyway? [Y]es or [N]o only, please.
The spell is quite dangerous to cast (22% risk of failure)!
Continue anyway?
You miscast Hydra Form.
You are very lightly contaminated with residual magic.
You feel very strange.
Harold says, "I was hoping my final job would be more of a challenge, but money is money."
Harold barely misses you.
Harold is nearby!
Casting: Hydra Form (quite dangerous; 22% risk of failure)
Confirm with . or Enter, or press ? or * to list all spells.
You turn into a creature of crystalline ice.
Harold is stunned by your conviction and fails to attack.
Harold hits you with a +2 vorpal glaive!!
You punch Harold! You freeze Harold.
Harold is lightly wounded.
Harold hits you with a +2 vorpal glaive!
You feel threatened and lose the ability to read scrolls!
You hit Harold. You freeze Harold.
Harold is moderately wounded.
Harold is stunned by your conviction and fails to attack.
You hit Harold but do no damage.
Harold is moderately wounded.
Harold hits you with a +2 vorpal glaive!!
* * * LOW HITPOINT WARNING * * *
x2 You hit Harold but do no damage.
Harold is lightly wounded.
Harold hits you with a +2 vorpal glaive!
You die...

#.####### #.#
#.#..# #..
###....# ###
#...#.##
#.#.#.#
#.#.#.#
#.#.#.#
#.#.#.##.####
#.#..Y@......
#.###.##.####
#. ...# #####


You could see Harold.

Vanquished Creatures
  Prince Ribbit (D:5)
  A wraith (D:6)
  2 water moccasins
  An ice beast (D:6)
  A sky beast (D:5)
  A black bear (D:7)
  A necrophage (D:4)
  2 ogres
  A centaur (D:7)
  2 elf zombies (Ossuary)
  2 kobold brigands
  3 bullfrogs
  A scorpion (D:6)
  2 water moccasin zombies
  6 killer bees (D:7)
  10 wights
  A bullfrog zombie (D:7)
  6 hounds
  A centaur zombie (D:6)
  2 jellies
  A bullfrog skeleton (D:6)
  An orc priest (D:6)
  5 centaur skeletons
  2 human zombies (Ossuary)
  A gnoll shaman (D:6)
  3 iguanas
  Natasha (thrice) (D:2)
  4 orc wizards
  A scorpion zombie (D:5)
  2 hound skeletons
  4 mummies (Ossuary)
  9 gnolls
  7 adders
  A shadow imp (D:8)
  2 white imps
  An ufetubus (D:5)
  An adder zombie (Ossuary)
  2 adder skeletons (D:4)
  2 worms
  3 dart slugs
  38 orcs
  2 bats
  6 endoplasms
  3 giant cockroaches
  5 goblins
  8 hobgoblins
  3 jackals (D:2)
  3 quokkas
  2 ball pythons
  3 frilled lizards
  2 goblin zombies (Ossuary)
  A hobgoblin zombie (Ossuary)
  14 kobolds
  3 kobold zombies (Ossuary)
  2 rats (D:1)
  A rat zombie (Ossuary)
198 creatures vanquished.

Vanquished Creatures (others)
  A fungus (D:4)
  2 plants (D:4)
  2 withered plants (D:7)
5 creatures vanquished.

Grand Total: 203 creatures vanquished

Notes
Turn   | Place    | Note
-------+----------+-------------------------------------------
     0 | D:1      | kae the Draconian Transmuter began the quest for the Orb.
     0 | D:1      | Reached XP level 1. HP: 16/16 MP: 3/3
    54 | D:1      | Found Kosytoler's Book Shoppe.
   211 | D:1      | Found Kereushraufu's General Store.
   226 | D:1      | Found Byddecukh's Antique Armour Shoppe.
   346 | D:1      | Reached XP level 2. HP: 17/23 MP: 3/5
   471 | D:1      | Found a faded altar of an unknown god.
   785 | D:1      | Found Coeh's Armour Shop.
   838 | D:1      | Found Ugotheng's Armour Shop.
  1522 | D:2      | HP: 1/23 [water moccasin zombie (1)]
  1524 | D:2      | Reached XP level 3. HP: 2/29 MP: 4/6
  1524 | D:2      | Reached XP level 4. HP: 3/36 MP: 4/7
  1528 | D:2      | Learned a level 3 spell: Spider Form
  2117 | D:2      | Noticed Natasha
  2140 | D:2      | Killed Natasha
  2680 | D:3      | Noticed Grinder
  2731 | D:2      | Noticed Natasha
  2738 | D:2      | Killed Natasha
  2739 | D:2      | Reached XP level 5. HP: 37/41 MP: 4/8
  2949 | D:2      | Noticed Natasha
  2961 | D:2      | Killed Natasha
  2962 | D:2      | Reached skill level 1 in Poison Magic
  4004 | D:3      | Found a hide-covered altar of Uskayaw.
  4063 | D:3      | Reached XP level 6. HP: 22/49 MP: 3/10
  5020 | D:4      | Found a basalt altar of Yredelemnul.
  5407 | D:4      | Your scales start taking on an icy white colour.
  5407 | D:4      | Reached XP level 7. HP: 48/56 MP: 8/11
  5407 | D:4      | Gained mutation: Your flesh is cold resistant. (rC+) [White
                  | Draconian growth]
  5496 | D:4      | Learned a level 4 spell: Ice Form
  5530 | D:4      | Found a staircase to the Ecumenical Temple.
  5550 | Temple   | Entered the Ecumenical Temple
  5814 | Temple   | Became a worshipper of Ru the Awakened
  5988 | D:4      | Reached skill level 5 in Unarmed Combat
  6165 | D:4      | Reached skill level 1 in Ice Magic
  6318 | D:4      | Found a runed translucent gate.
  6320 | D:4      | Noticed Lanoc's ghost (amateur BaEn)
  6322 | D:4      | Found a runed translucent gate.
  6323 | D:4      | Found a runed translucent gate.
  6395 | D:5      | Entered Level 5 of the Dungeon
  6512 | D:5      | Noticed Prince Ribbit
  6540 | D:5      | Killed Prince Ribbit
  6740 | D:5      | Found an iron altar of Okawaru.
  6849 | D:5      | Reached XP level 8. HP: 55/63 MP: 10/13
  7005 | D:5      | Reached skill level 5 in Transmutations
  8051 | D:5      | Gained mutation: You sometimes lose the ability to read
                  | scrolls when taking damage. [Ru sacrifice]
  8051 | D:5      | Reached * piety under Ru
  8287 | D:6      | Found a bloodstained altar of Trog.
  8287 | D:6      | Found a radiant altar of Vehumet.
  8288 | D:6      | Found a hazy altar of Hepliaklqana.
  8310 | D:6      | Found a white marble altar of Elyvilon.
  9052 | D:5      | Learned a level 5 spell: Hydra Form
  9744 | D:6      | Found Hiups's Weapon Shoppe.
 10070 | D:6      | Reached XP level 9. HP: 72/72 MP: 10/15
 10349 | D:6      | Found a sparkling altar of Nemelex Xobeh.
 10357 | D:6      | Reached skill level 5 in Ice Magic
 10600 | D:7      | Found a sand-covered staircase.
 10632 | Ossuary  | Entered an ossuary
 11240 | D:7      | Noticed casual's ghost (novice DjCj)
 11240 | D:7      | Noticed Anon1729's ghost (novice DgNe)
 11241 | D:7      | Found a runed translucent gate.
 11241 | D:7      | Found a runed translucent gate.
 11241 | D:7      | Found a runed translucent gate.
 11576 | D:7      | Reached skill level 5 in Fighting
 12295 | D:8      | Reached skill level 5 in Spellcasting
 12540 | D:8      | Gained mutation: You cannot be stealthy. [Ru sacrifice]
 12540 | D:8      | Reached ** piety under Ru
 12708 | D:8      | Noticed Harold
 13085 | D:8      | Slain by Harold

Illustrated notes

Levels and vault maps discovered:
D:1:      lightli_arrival_maybe_door_vault, layout_loops_corners, serial_shops,
          shop, nicolae_shop_statue_plus, shop, shop, shop,
          hellmonk_ecumenical_altar_zigzags, minivault_11
D:2:      layout_loops_ring, uniq_natasha
D:3:      layout_basic, amcnicky_altar_gilded, uniq_grinder
D:4:      layout_basic, lemuel_coloured_pillars_altar,
          minmay_temple_entry_steel_oval, gammafunk_ghost_nasty_kobolds,
          minmay_fractal_squares_5
D:5:      layout_layer_cave, old_standard_altar, uniq_prince_ribbit1
D:6:      layout_rooms, nemelex_dance_club_becter,
          nicolae_overflow_quartered_altars, serial_shops, nicolae_shop_trees,
          minmay_puff
D:7:      layout_basic, enter_ossuary_5, gammafunk_ghost_cemetery
D:8:      layout_basic, lightli_temple_of_fire, uniq_harold
Temple:   nicolae_temple_no_exploring_needed

Skill      XL: |  1  2  3  4  5  6  7  8  9 |
---------------+----------------------------+-----
Dodging        | 2 3 4 |  4.8
Transmutations | 3 4 5 7 |  7.3
Fighting       | 2 3 4 5 |  5.4
Unarmed Combat | 4 5 6 7 |  7.9
Poison Magic   | 2 |  2.0
Spellcasting   | 3 4 5 |  5.0
Ice Magic      | 2 4 5 |  5.0

Action                   |  1- 3 |  4- 6 |  7- 9 || total
-------------------------+-------+-------+-------++-------
Melee: Unarmed           |    49 |   187 |   430 ||   666
       Tailslap          |     6 |     5 |     6 ||    17
       Kick              |     5 |     5 |       ||    10
       Headbutt          |     3 |     3 |       ||     6
       Punch             |     2 |       |     1 ||     3
 Cast: Beastly Appendage |    15 |    13 |     1 ||    29
       Spider Form       |       |    18 |    25 ||    43
       Ice Form          |       |       |    27 ||    27
       Hydra Form        |       |       |     1 ||     1
Invok: Sacrifice Words   |       |       |     1 ||     1
       Sacrifice Stealth |       |       |     1 ||     1
 Abil: Breathe Frost     |       |       |     2 ||     2
       End Transformatio |       |       |     1 ||     1
  Use: Scroll            |     2 |     6 |    10 ||    18
       Potion            |       |       |     1 ||     1
Armor: Skin              |     8 |    17 |   115 ||   140
Dodge: Dodged            |    28 |   114 |   367 ||   509

Table legend: (Time is in decaauts)
 A = Elapsed time spent in this place.
 B = Non-inter-level travel time spent in this place.
 C = Inter-level travel time spent in this place.
 D = Time resting spent in this place.
 E = Time spent auto-exploring this place.
 F = Levels seen in this place.
 G = Mean time per level.
                   A        B        C        D        E       F      G
               +--------+--------+--------+--------+--------+-----+--------+
         Total |  13040 |  12825 |    215 |   1502 |   9814 |  10 | 1304.0 |
       Dungeon |  12208 |  12008 |    200 |   1228 |   9376 |   8 | 1526.0 |
        Temple |    271 |    256 |     15 |    247 |      0 |   1 |  271.0 |
       Ossuary |    560 |    560 |      0 |     27 |    438 |   1 |  560.0 |
               +--------+--------+--------+--------+--------+-----+--------+

Top non-repeatable levels by time:
     D:5: 2344 daAuts
     D:2: 1976 daAuts
     D:6: 1751 daAuts
     D:4: 1551 daAuts
     D:1: 1487 daAuts
     D:3: 1094 daAuts
     D:7: 1072 daAuts
     D:8: 930 daAuts
 Ossuary: 560 daAuts
  Temple: 271 daAuts
